 Dungeon Crawl Stone Soup version 0.24.0-35-gdb84b6a5db (webtiles) character file.

Game seed: 15283717618091349154, levelgen mode: deterministic

60344 Gumption the Unseen (level 14, -8/74 HPs)
             Began as a Spriggan Enchanter on Nov 16, 2019.
             Was a High Priest of Dithmenos.
             Mangled by a +3 long sword (23 damage)
             ... on level 13 of the Dungeon on Nov 17, 2019.
             The game lasted 04:14:52 (25520 turns).

Gumption the Unseen (Spriggan Enchanter)           Turns: 25520, Time: 04:14:53

Health: -8/74      AC: 10    Str: 10    XL:     14   Next: 56%
Magic:  29/39      EV: 29    Int: 21    God:    Dithmenos [*****.]
Gold:   1733       SH:  0    Dex: 17    Spells: 7/36 levels left

rFire    + . .     SeeInvis +   a - +5 dagger (elec)
rCold    . . .     Gourm    .   (shield restricted)
rNeg     . . .     Faith    .   q - +5 robe "Omaetrif" {rF+}
rPois    .         Spirit   .   (helmet restricted)
rElec    .         Reflect  .   y - +2 cloak
rCorr    .         Harm     .   (gloves unavailable)
MR       ++...                  (boots unavailable)
Stlth    +++++++++.             W - amulet of regeneration
HPRegen  0.62/turn              I - ring of magical power
MPRegen  0.26/turn              F - +6 ring of strength

@: very slightly contaminated, wreathed by umbra, very quick
A: very small, unfitting armour, see invisible, herbivore, speed 3, slow
metabolism 2
a: Shadow Step, Shadow Form, Renounce Religion


You were on level 13 of the Dungeon.
You worshipped Dithmenos.
Dithmenos was extremely pleased with you.
You were not hungry.

You visited 3 branches of the dungeon, and saw 22 of its levels.
You also visited: Volcano.

You collected 1811 gold pieces.
You spent 78 gold pieces at shops.

Inventory:

Hand Weapons
 a - a +5 dagger of electrocution (weapon)
 b - a +1 hunting sling of flaming
 w - a +2 rapier of holy wrath
 S - a +2 rapier of flaming
Missiles
 d - 424 stones
 j - 52 poisoned darts (quivered)
 A - 6 throwing nets
 N - 63 sling bullets
Armour
 q - the +5 robe "Omaetrif" (worn) {rF+}
   (You found it on level 4 of the Dungeon)

   It protects you from fire.
 r - a scarf of resistance
 y - a +2 cloak (worn)
Jewellery
 f - an uncursed ring of poison resistance
 p - an uncursed ring of resist corrosion
 s - an uncursed ring of protection from fire
 z - an uncursed ring of protection from cold
 C - a +6 ring of dexterity
 F - a +6 ring of strength (right hand)
 H - a +2 amulet of reflection {unknown}
 I - a ring of magical power (left hand)
 W - an amulet of regeneration (around neck)
Wands
 v - a wand of random effects (10)
 B - a wand of flame (24)
 G - a wand of digging (4)
 P - a wand of acid (13)
 Q - a wand of paralysis (8)
 T - a wand of disintegration (21)
 V - a wand of polymorph (14)
Scrolls
 c - 9 scrolls of magic mapping
 g - 3 scrolls of immolation
 i - 13 scrolls of remove curse
 n - 3 scrolls of fog
 u - 4 scrolls of teleportation
 J - a scroll of blinking
 O - a scroll of enchant armour
Potions
 k - 5 potions of mutation
 l - 3 potions of ambrosia
 m - 8 potions of curing
 o - 2 potions of brilliance
 t - 7 potions of flight
 x - 6 potions of agility
 D - 2 potions of heal wounds
 E - a potion of resistance
 K - a potion of lignification
 L - 3 potions of might
 M - 3 potions of cancellation
 R - 3 potions of berserk rage
Comestibles
 e - 39 rations


   Skills:
 + Level 8.7 Fighting
 - Level 10.0 Short Blades
 + Level 12.9 Dodging
 - Level 15.0 Stealth
 + Level 11.9 Spellcasting
 + Level 13.6 Hexes
 - Level 5.0 Charms
 - Level 3.7 Translocations
 - Level 8.0 Transmutations
 - Level 3.0 Ice Magic
 - Level 3.0 Poison Magic
 + Level 3.2 Invocations


You had 7 spell levels left.
You knew the following spells:

 Your Spells              Type           Power        Failure   Level  Hunger
a - Ensorcelled Hibernat  Hex/Ice        #####.       1%          2    None
b - Shroud of Golubria    Chrm/Tloc      ####..       1%          2    None
c - Confuse               Hex            ######..     1%          3    None
d - Tukima's Dance        Hex            ######..     1%          3    None
e - Spectral Weapon       Hex/Chrm       ######..     1%          3    None
f - Alistair's Intoxicat  Tmut/Pois      #####...     16%         5    ####...
h - Summon Butterflies    Summ           ##......     5%          1    None
i - Apportation           Tloc           ####..       1%          1    None
j - Invisibility          Hex            ######..     3%          6    #####..
z - Regeneration          Chrm/Necr      ###.......   5%          3    None

Your spell library contained the following spells:

 Spells                   Type           Power        Failure   Level  Hunger
 Corona                   Hex            ######.      1%          1    None
 Infusion                 Chrm           ####         1%          1    None
 Song of Slaying          Chrm           ####....     1%          2    None
 Dazzling Spray           Conj/Hex       #####.       1%          3    None
 Swiftness                Chrm/Air       ###.....     2%          2    None
 Lesser Beckoning         Tloc           ####......   3%          3    None
 Fulminant Prism          Conj/Hex       #####.....   3%          4    None
 Magic Dart               Conj           ##..         5%          1    None
 Pain                     Necr           ##..         5%          1    None
 Shock                    Conj/Air       ##..         5%          1    None
 Searing Ray              Conj           ##....       9%          2    None
 Sublimation of Blood     Necr           ##........   9%          2    None
 Static Discharge         Conj/Air       ##......     16%         3    None
 Vampiric Draining        Necr           ##........   16%         3    None
 Force Lance              Conj/Tloc      ###.....     24%         4    None
 Irradiate                Conj/Tmut      ####......   28%         5    ####...
 Hydra Form               Tmut           #####.....   30%         6    #####..
 Airstrike                Air            ##........   47%         4    None
 Animate Dead             Necr           N/A          47%         4    None
 Iskenderun's Mystic Bla  Conj           ##......     47%         4    None
 Agony                    Necr           ##......     83%         5    ####...
 Lightning Bolt           Conj/Air       ##........   83%         5    ####...
 Statue Form              Tmut/Erth      ####.....    83%         6    #####..
 Dragon Form              Tmut           #####.....   86%         7    #######


Dungeon Overview and Level Annotations

Branches:
Dungeon (15/15)            Temple (1/1) D:6            Lair (6/6) D:8
 Shoals (0/4) Lair:4       Spider (0/4) Lair:3        Slime (0/5) Lair:5
    Orc (0/2) D:12         Vaults (0/5) D:13        Volcano (visited)
 Depths: D:15

Altars:
Ashenzari
Cheibriados
Dithmenos
Elyvilon
Fedhas
Gozag
Hepliaklqana
Kikubaaqudgha
Makhleb
Nemelex Xobeh
Okawaru
Qazlal
Ru
Sif Muna
Trog
Uskayaw
Vehumet
Wu Jian
Xom
Yredelemnul
Zin
The Shining One
Jiyva

Shops:
D:11 ?

Portals:
Hell: Lair:6

Annotations:
D:4 3 runed translucent doors, Curus's ghost, novice MiBe
D:6 3 runed translucent doors, Curus's ghost, amateur HOAK; FishyPogo's ghost, novice GnSk; McKennaii's ghost, novice DsFi; Thargor's ghost, novice TrBe
D:9 1 runed translucent door, Banto's ghost, novice MiBe


Innate Abilities, Weirdness & Mutations

You are very small and have problems with some larger weapons.
You are too small for most types of armour.
You have supernaturally acute eyesight. (SInv)
You are a herbivore.
You cover ground extremely quickly.
You need to consume almost no food.


Message History

You are too injured to fight recklessly!
The +3 long sword hits you.
* * * LOW HITPOINT WARNING * * *
The +4 long sword misses you. The +4 long sword hits you!
* * * LOW HITPOINT WARNING * * *
The centaur warrior shouts!
Casting: Ensorcelled Hibernation (safe; 1% risk of failure)
Confirm with . or Enter, or press ? or * to list all spells.
Aiming: Confuse (safe; 1% risk of failure)
Press: ? - help, Shift-Dir - straight line, f/p - centaur warrior
Aim: a centaur warrior, wielding a +0 shortbow (umbra, chance to defeat MR: 62%)
The centaur warrior resists with significant effort.
Your shadow mimicks your spell!
The centaur warrior easily resists.
The +3 long sword barely misses you. The +4 long sword hits you!
* * * LOW HITPOINT WARNING * * *
The centaur warrior shoots an arrow.
The arrow closely misses you. The +3 long sword hits you!!
You die...

#.... #....
#....###########.
#................
#................
#.........(......
.#........).......
#......@(..(......
....c...(.........
..................
..................
....#.#...........
...##.##..........
... #∩#(..........
.. #.##..........
#.....#.#....#######


You could see a centaur warrior and 2 dancing weapons.

Vanquished Creatures
  Rupert (Lair:3)
  A dire elephant (Lair:6)
  Harold (Lair:2)
  A catoblepas (Lair:4)
  8 hydras
  A rakshasa (D:15)
  4 two-headed ogres
  3 centaur warriors
  A tengu warrior (D:9)
  A sun demon (Lair:6)
  An unseen horror (D:12)
  Pikel (D:5)
  A wizard (Lair:6)
  6 ugly things
  3 manticores
  7 elephants
  Maurice (D:13)
  5 black mambas
  A gargoyle (Volcano)
  An orange demon (Lair:6)
  A centaur skeleton (D:15)
  7 spiny frogs
  2 kobold demonologists (D:11)
  An efreet (Volcano)
  5 rime drakes
  7 komodo dragons
  A hellwing (Lair:6)
  2 red devils (Lair:6)
  2 ice devils (Lair:6)
  A queen bee (Lair:2)
  A troll (D:11)
  A meliai (shapeshifter) (D:13)
  2 polar bears
  Grinder (D:6)
  A jumping spider (Lair:3)
  A dream sheep (Lair:6)
  21 blink frogs
  A meliai zombie (D:15)
  A snapping turtle (Lair:4)
  A redback (D:9)
  11 hippogriffs
  A fire elemental (Volcano)
  33 yaks
  A wraith (D:12)
  Eustachio (D:5)
  4 wyverns
  2 steam dragons (D:9)
  3 hungry ghosts
  Menkaure (D:6)
  12 water moccasins
  An acid dragon (D:15)
  Duvessa (D:5)
  4 hell hounds (Lair:6)
  5 porcupines
  4 sky beasts
  5 ice beasts
  6 orc warriors
  A phantom (D:5)
  A slave (D:5)
  A black bear (D:6)
  5 ogres
  5 wolves (Lair:4)
  10 centaurs
  13 crocodiles
  5 big kobolds (D:11)
  Blork the orc (D:6)
  11 bullfrogs
  4 gnoll sergeants (D:10)
  Dowan (D:5)
  39 killer bees
  3 scorpions
  16 wights
  2 howler monkeys
  6 crimson imps
  2 bullfrog zombies
  A bullfrog skeleton (D:9)
  3 centaur zombies
  8 hounds
  14 orc wizards
  Crazy Yiuf (D:5)
  5 orc priests
  6 jellies
  3 gnoll shamans (D:10)
  3 iguanas
  Natasha (thrice) (D:4)
  5 worker ants
  A howler monkey zombie (D:6)
  12 adders
  18 gnolls
  4 shadow imps
  6 oozes
  An adder zombie (D:9)
  A worm (D:3)
  A dart slug (D:1)
  12 leopard geckos
  65 orcs
  5 bats
  7 giant cockroaches
  6 goblins
  4 hobgoblins
  24 jackals
  15 kobolds
  4 quokkas
  2 ball pythons
  3 frilled lizards
  A jackal skeleton (D:5)
  A jackal zombie (D:7)
  A quokka skeleton (D:6)
  7 rats
  2 fungi
585 creatures vanquished.

Vanquished Creatures (others)
  An ice beast (D:8)
  6 fungi
  2 plants (Lair:1)
  2 withered plants (D:6)
11 creatures vanquished.

Grand Total: 596 creatures vanquished

Notes
Turn   | Place    | Note
-------+----------+-------------------------------------------
     0 | D:1      | Gumption the Spriggan Enchanter began the quest for the
                  | Orb.
     0 | D:1      | Reached XP level 1. HP: 9/9 MP: 5/5
   303 | D:1      | Reached XP level 2. HP: 13/13 MP: 5/7
   307 | D:1      | Learned a level 2 spell: Ensorcelled Hibernation
   903 | D:1      | Reached XP level 3. HP: 12/16 MP: 4/8
  1438 | D:1      | Learned a level 3 spell: Confuse
  2027 | D:2      | Learned a level 3 spell: Tukima's Dance
  2196 | D:2      | Reached XP level 4. HP: 18/21 MP: 1/10
  2683 | D:2      | Found a shattered altar of Ashenzari.
  2750 | D:2      | Reached skill level 1 in Ice Magic
  2821 | D:2      | Reached skill level 5 in Stealth
  4483 | D:4      | Noticed an ogre
  4503 | D:4      | Killed an ogre
  4503 | D:4      | Reached skill level 5 in Hexes
  4503 | D:4      | Reached XP level 5. HP: 24/24 MP: 8/12
  4860 | D:4      | Noticed Natasha
  4862 | D:4      | Killed Natasha
  4935 | D:4      | Got an opalescent robe
  4946 | D:4      | Identified the +5 robe "Omaetrif" {rF+} (You found it on
                  | level 4 of the Dungeon)
  5110 | D:4      | Found a snail-covered altar of Cheibriados.
  5121 | D:4      | Found a runed translucent gate.
  5121 | D:4      | Found a runed translucent gate.
  5121 | D:4      | Found a runed translucent gate.
  5128 | D:4      | Noticed Curus's ghost (novice MiBe)
  5352 | D:4      | Reached XP level 6. HP: 28/28 MP: 9/13
  5397 | D:4      | Found a glowing silver altar of Zin.
  5977 | D:4      | Reached skill level 5 in Spellcasting
  6161 | D:4      | Noticed Natasha
  6194 | D:4      | Killed Natasha
  6320 | D:4      | Noticed Natasha
  6329 | D:4      | Killed Natasha
  6374 | D:4      | Reached XP level 7. HP: 32/32 MP: 10/15
  6555 | D:5      | Entered Level 5 of the Dungeon
  6705 | D:5      | Reached skill level 6 in Stealth
  6950 | D:5      | Found a runed translucent door.
  6951 | D:5      | Noticed Crazy Yiuf
  6970 | D:5      | Found a basalt altar of Yredelemnul.
  7071 | D:5      | Noticed Duvessa
  7092 | D:5      | Noticed Dowan
  7096 | D:5      | Killed Duvessa
  7100 | D:5      | Killed Dowan
  7117 | D:5      | Reached skill level 1 in Fighting
  7300 | D:5      | Reached XP level 8. HP: 37/37 MP: 15/18
  7323 | D:5      | Noticed Pikel
  7341 | D:5      | Killed Pikel
  7341 | D:5      | Reached skill level 7 in Stealth
  7514 | D:5      | Noticed Eustachio
  7798 | D:5      | Found a burning altar of Makhleb.
  7798 | D:5      | Found a shimmering altar of Xom.
  7904 | D:5      | Killed Crazy Yiuf
  7938 | D:5      | Killed Eustachio
  7946 | D:6      | Noticed Grinder
  7966 | D:6      | Killed Grinder
  7966 | D:6      | Reached skill level 8 in Stealth
  7966 | D:6      | Reached XP level 9. HP: 42/43 MP: 15/21
  8149 | D:6      | Noticed Blork the orc
  8150 | D:6      | Killed Blork the orc
  8160 | D:6      | Noticed Menkaure
  8173 | D:6      | Killed Menkaure
  8173 | D:6      | Reached skill level 5 in Short Blades
  8447 | D:6      | Found a runed translucent gate.
  8447 | D:6      | Found a runed translucent gate.
  8447 | D:6      | Found a runed translucent gate.
  8454 | D:6      | Noticed Curus's ghost (amateur HOAK)
  8455 | D:6      | Noticed FishyPogo's ghost (novice GnSk)
  8455 | D:6      | Noticed McKennaii's ghost (novice DsFi)
  8455 | D:6      | Noticed Thargor's ghost (novice TrBe)
  8514 | D:6      | Found a staircase to the Ecumenical Temple.
  8526 | Temple   | Entered the Ecumenical Temple
  8606 | Temple   | Became a worshipper of Dithmenos the Shadowed
  9575 | D:7      | Found a radiant altar of Vehumet.
  9870 | D:7      | Reached skill level 9 in Stealth
 10058 | D:7      | Reached skill level 1 in Invocations
 10131 | D:7      | Reached * piety under Dithmenos
 10546 | D:8      | Reached XP level 10. HP: 49/49 MP: 24/24
 10878 | D:8      | Found a staircase to the Lair.
 10887 | D:8      | Found an iron altar of Okawaru.
 10922 | D:8      | Reached ** piety under Dithmenos
 11375 | D:9      | Noticed a two-headed ogre
 11398 | D:9      | Killed a two-headed ogre
 11398 | D:9      | Reached skill level 10 in Stealth
 11398 | D:9      | Reached skill level 10 in Hexes
 11574 | D:9      | Noticed a two-headed ogre
 11581 | D:9      | Killed a two-headed ogre
 11659 | D:9      | Found a runed translucent door.
 11659 | D:9      | Noticed a six-headed hydra
 11669 | D:9      | Killed a six-headed hydra
 11669 | D:9      | Reached skill level 5 in Dodging
 11669 | D:9      | Reached skill level 10 in Spellcasting
 11672 | D:9      | Noticed a centaur warrior
 11675 | D:9      | Killed a centaur warrior
 11675 | D:9      | Reached XP level 11. HP: 54/54 MP: 26/26
 11684 | D:9      | Noticed a tengu warrior
 11685 | D:9      | Noticed a centaur warrior
 11913 | D:9      | Killed a centaur warrior
 11913 | D:9      | Reached skill level 11 in Stealth
 12069 | D:9      | Found a burning altar of Makhleb.
 12194 | D:9      | Found a runed translucent door.
 12195 | D:9      | Found a shimmering altar of Xom.
 12195 | D:9      | Noticed Banto's ghost (novice MiBe)
 12195 | D:9      | Noticed a +1 long sword of chaos
 12409 | D:9      | Killed a tengu warrior
 12409 | D:9      | Reached skill level 5 in Fighting
 12605 | D:9      | Learned a level 2 spell: Shroud of Golubria
 12726 | D:10     | Entered Level 10 of the Dungeon
 13221 | D:10     | Reached *** piety under Dithmenos
 13994 | D:10     | Reached **** piety under Dithmenos
 14228 | D:10     | Noticed a two-headed ogre
 14236 | D:10     | Killed a two-headed ogre
 14236 | D:10     | Reached skill level 12 in Stealth
 14375 | D:10     | Identified the +0 robe of Fashionability {rPois Str+2}
 14577 | Lair:1   | Entered Level 1 of the Lair of Beasts
 14855 | Lair:1   | Reached XP level 12. HP: 60/60 MP: 28/28
 15519 | Lair:2   | Noticed Harold
 15563 | Lair:2   | Killed Harold
 15781 | Lair:2   | Learned a level 3 spell: Regeneration
 15861 | Lair:2   | Upgraded the game from 0.24.0-29-g8ce449bc06 to
                  | 0.24.0-35-gdb84b6a5db
 15985 | Lair:2   | Reached skill level 13 in Stealth
 16223 | Lair:2   | Learned a level 3 spell: Spectral Weapon
 16485 | Lair:2   | Reached skill level 1 in Charms
 16489 | Lair:2   | Reached skill level 1 in Translocations
 16578 | Lair:2   | Reached ***** piety under Dithmenos
 16917 | Lair:3   | Found a dark tunnel.
 17002 | Volcano  | Entered a volcano
 17246 | Volcano  | Found the +0 Maxwell's etheric cage {RegenMP+ *Contam rElec
                  | MP+4}
 17410 | Lair:3   | Noticed Rupert
 17429 | Lair:3   | Killed Rupert
 17429 | Lair:3   | Reached skill level 10 in Dodging
 17436 | Lair:3   | Learned a level 5 spell: Alistair's Intoxication
 17476 | Lair:3   | Found a hole to the Spider Nest.
 17552 | Lair:3   | Reached skill level 1 in Transmutations
 17684 | Lair:3   | Noticed a four-headed hydra
 17759 | Lair:3   | Reached skill level 1 in Poison Magic
 17769 | Lair:3   | Killed a four-headed hydra
 17817 | Lair:3   | Identified the Incunabulum of Evil Magic
 17826 | Lair:3   | Learned a level 6 spell: Invisibility
 17894 | Lair:3   | Found an ancient bone altar of Kikubaaqudgha.
 18237 | Lair:3   | Learned a level 1 spell: Summon Butterflies
 18239 | Lair:3   | Learned a level 1 spell: Apportation
 18259 | Lair:4   | Reached XP level 13. HP: 67/67 MP: 29/29
 18673 | Lair:4   | Found a staircase to the Shoals.
 19464 | Lair:4   | Learned a level 2 spell: Swiftness
 19465 | Lair:5   | Found a staircase to the Slime Pits.
 19465 | Lair:5   | Found a viscous altar of Jiyva.
 19500 | Lair:4   | Reached skill level 14 in Stealth
 19746 | Lair:4   | Reached skill level 10 in Short Blades
 20565 | Lair:6   | Entered Level 6 of the Lair of Beasts
 20644 | Lair:6   | Reached skill level 5 in Transmutations
 21082 | Lair:6   | Reached skill level 15 in Stealth
 21301 | Lair:6   | Noticed a dire elephant
 21307 | Lair:6   | Killed a dire elephant
 21343 | Lair:6   | Reached XP level 14. HP: 73/73 MP: 30/30
 21375 | Lair:6   | Found a burning altar of Makhleb.
 21989 | Lair:6   | Found a gateway to Hell.
 22542 | D:11     | Found Miwur's Magic Scroll Shop.
 22548 | D:11     | Bought a scroll of identify for 26 gold pieces
 22548 | D:11     | Bought a scroll of identify for 26 gold pieces
 22548 | D:11     | Bought a scroll of identify for 26 gold pieces
 24580 | D:12     | Found a staircase to the Orcish Mines.
 24757 | D:13     | Noticed Maurice
 24760 | D:13     | Killed Maurice
 25042 | D:13     | You fall into a shaft and drop 2 floors!
 25042 | D:15     | Entered Level 15 of the Dungeon
 25343 | D:15     | Reached ****** piety under Dithmenos
 25497 | D:13     | Reached skill level 5 in Charms
 25507 | D:13     | Found a gate to the Vaults.
 25520 | D:13     | Mangled by a +3 long sword

Levels and vault maps discovered:
D:1:      lemuel_arrival_broad_hall, layout_rooms
D:2:      minmay_kobold_bridge, layout_loops_ring, overflow_temple_1_default,
          first_ration, serial_forest, infiniplex_forest_clump_tiny,
          infiniplex_forest_straight_2, infiniplex_forest_lined_room_2,
          infiniplex_forest_clump_double, infiniplex_forest_clump_curved,
          infiniplex_forest_lined_room_2, infiniplex_forest_end_2
D:3:      layout_rooms, lemuel_another_geyser
D:4:      layout_basic, cheibriados_altar_1, nicolae_overflow_hidden_temple,
          gammafunk_ghost_necromancy, uniq_natasha
D:5:      layout_loops_ring, grunt_temple_overflow_champion_of_chaos,
          basic_altar, uniq_crazy_yiuf_cottage, uniq_duvessa, uniq_eustachio,
          uniq_pikel
D:6:      layout_basic, minmay_temple_entry_statues_fountains, serial_glass,
          glass_columns_a, glass_columns_a, minmay_strange_pillars,
          gammafunk_ghost_cemetery, minmay_misc_feat_rows, uniq_grinder,
          uniq_blork_the_orc, uniq_menkaure
D:7:      layout_cave_pods, lemuel_doored_altar
D:8:      layout_loops_ring, kennysheep_mini_moat, lair_entry_dummy,
          hangedman_little_slice_of_home, minivault_26
D:9:      kennysheep_steamy, layout_loops_corners, ebering_ghost_xom,
          basic_altar, serial_bayou_pond_e, minivault_13
D:10:     layout_cave_pools, serial_gnoll_camp, gnoll_camp_huts_basic,
          gnoll_camp_mini_hut, gnoll_camp_mini_sergeant, gnoll_camp_mini_basic,
          gnoll_camp_mini_hut
D:11:     layout_stronghold, serial_shops,
          nicolae_shop_temple_entry_statues_fountains
D:12:     layout_loops_ring, hiddenorc1_lemuel
D:13:     layout_grid_maze, erik_vaults_1, uniq_maurice, uniq_sonja
D:14:     layout_basic, basic_altar, minmay_misc_feat_square, st_stairs_11,
          lemuel_hellish_altar
D:15:     grunt_enter_depths_snipers, layout_irregular_city
Temple:   eino_wide_crystal_templ
Lair:1:   layout_misc_corridors, infiniplex_staircase_pool
Lair:2:   layout_long_grid, special_room [special_room_bee], uniq_harold
Lair:3:   layout_roguey, spider_nest_entry_a, enter_volcano_1,
          lemuel_centaur_altar, uniq_rupert
Lair:4:   layout_regular_city, minmay_shoals_entry_hut
Lair:5:   layout_roguey, slime_altar_1
Lair:6:   evil_forest, layout_concentric_octagons, infiniplex_staircase_pool_2

Skill      XL: |  1  2  3  4  5  6  7  8  9 10 11 12 13 14 |
---------------+-------------------------------------------+-----
Spellcasting   | 3 4 5 6 7 9 10 11 | 11.9
Hexes          | 4 5 6 8 9 10 11 12 13 | 13.6
Ice Magic      | 1 2 3 |  3.0
Stealth        | 5 6 8 9 10 12 13 15 | 15.0
Short Blades   | 2 3 4 5 7 8 9 10 | 10.0
Fighting       | 1 2 3 4 5 7 8 |  8.7
Invocations    | 2 3 |  3.2
Dodging        | 5 8 10 12 | 12.9
Charms         | 3 5 |  5.0
Translocations | 3 |  3.7
Transmutations | 2 6 8 |  8.0
Poison Magic   | 1 3 |  3.0

Action                   |  1- 3 |  4- 6 |  7- 9 | 10-12 | 13-15 || total
-------------------------+-------+-------+-------+-------+-------++-------
Melee: Dagger            |   117 |   123 |   155 |   320 |   318 ||  1033
Throw: Dart              |       |     5 |       |     3 |       ||     8
 Cast: Corona            |    27 |       |       |       |       ||    27
       Ensorcelled Hiber |    24 |    77 |    81 |   228 |   134 ||   544
       Confuse           |       |     4 |    26 |    41 |    43 ||   114
       Shroud of Golubri |       |       |       |     3 |     1 ||     4
       Regeneration      |       |       |       |     3 |     7 ||    10
       Invisibility      |       |       |       |       |    13 ||    13
       Apportation       |       |       |       |       |     1 ||     1
Invok: Shadow Step       |       |       |       |     1 |     4 ||     5
  Use: Scroll            |       |     4 |     8 |    11 |    12 ||    35
       Potion            |       |       |     1 |       |     1 ||     2
 Stab: Sleeping          |    23 |    45 |    72 |   178 |   135 ||   453
       Confused          |       |     1 |    16 |    29 |    25 ||    71
       Distracted        |       |       |     1 |       |     1 ||     2
       Petrifying        |       |       |     1 |       |       ||     1
       Invisible         |       |       |       |       |    22 ||    22
  Eat: Ration            |       |     3 |     3 |     3 |     6 ||    15
Armor: Robe              |    10 |     5 |    19 |    41 |    21 ||    96
Dodge: Dodged            |    80 |    83 |    70 |   376 |   302 ||   911
